 Dungeon Crawl Stone Soup version 0.20.1-1-g8b1a95d (webtiles) character file.

123 BuffBuff the Skirmisher (level 4, -5/37 HPs)
             Began as a Demonspawn Fighter on Oct 25, 2017.
             Slain by a gnoll
             ... wielding a +0 spear
              (7 damage)
             ... on level 3 of the Dungeon.
             The game lasted 00:12:28 (2007 turns).

BuffBuff the Skirmisher (Demonspawn Fighter)        Turns: 2007, Time: 00:12:29

Health: -5/37      AC:  6    Str: 15 (17) XL:     4   Next: 79%
Magic:  4/4        EV:  6    Int:  9      God:
Gold:   62         SH:  8    Dex: 11 (13) Spells: 3/3 levels left

rFire    + . .     SeeInvis .   a - +1 long sword
rCold    . . .     Gourm    .   c - +0 shield
rNeg     . . .     Faith    .   b - +0 scale mail
rPois    .         Spirit   .   (helmet restricted)
rElec    .         Reflect  .   (no cloak)
rCorr    .         Harm     .   (no gloves)
MR       .....                  (no boots)
Stlth    ..........             (no amulet)
Regen    0.2/turn               p - ring of protection from fire
MPRegen  0.1/turn               (no ring)

@: no status effects
A: antennae 1, rot immunity
a: no special abilities


You were on level 3 of the Dungeon.
You were not hungry.

You visited 1 branch of the dungeon, and saw 3 of its levels.

You collected 62 gold pieces.

Inventory:

Hand Weapons
 a - a +1 long sword (weapon)
Armour
 b - a +0 scale mail (worn)
 c - a +0 shield (worn)
Jewellery
 p - a ring of protection from fire (left hand)
Scrolls
 n - a scroll of teleportation {unknown}
 o - 2 scrolls of identify {unknown}
Potions
 d - 2 potions of might
 i - a potion of lignification
 q - a potion of magic
Comestibles
 f - a bread ration
 h - a chunk of flesh
 j - a meat ration


   Skills:
 + Level 3.8 Fighting
 + Level 2.6 Long Blades
 + Level 3.3 Armour
 * Level 3.4 Shields


You had 3 spell levels left.
You didn't know any spells.

Dungeon Overview and Level Annotations

Branches:
Dungeon (3/15)

Altars:
Xom


Innate Abilities, Weirdness & Mutations

You have a pair of small antennae on your head.
You are immune to rotting.


Message History

You feel blessed for a moment.
It was a scroll of remove curse.
You block the gnoll's attack.
As you read the scroll labeled UTWARI ZAPP, it crumbles to dust.
The scroll dissolves into smoke.
It was a scroll of fog.
Your transformation is almost over.
The gnoll hits you but does no damage.
You cannot move.
You cannot move.
You cannot move.
The gnoll hits you but does no damage. The gnoll hits you but does no damage.
You block the gnoll's attack. The gnoll hits you but does no damage.
You block the gnoll's attack. The gnoll hits you but does no damage.
The gnoll hits you but does no damage.
You feel less wooden.
Your +0 scale mail unmelds from your body.
The gnoll hits you from afar with a spear!
You die...

#.. ... #.# #
#.# ##. #.#
#...## #.#
.....§######.#
#....g§§§§...###
.#@§......#
#§######.#######
.§§§
#.........###
..##..#
#.#.#####....
#.. .... #.#.#
##### ###.
#...##.#.#
#.##...##.#.# #
# #.##...##.#.#
# ##. #.#
........# #


You could see a gnoll.

Vanquished Creatures
  3 gnolls (D:3)
  4 adders
  3 worms (D:2)
  A dart slug (D:1)
  3 leopard geckos
  A ball python (D:1)
  4 giant cockroaches (D:2)
  2 hobgoblins (D:2)
  5 kobolds
  A quokka (D:2)
  7 bats
  A frilled lizard (D:1)
  7 goblins
  8 rats
50 creatures vanquished.

Notes
Turn   | Place    | Note
-------+----------+-------------------------------------------
     0 | D:1      | BuffBuff the Demonspawn Fighter began the quest for the Orb.
     0 | D:1      | Reached XP level 1. HP: 18/18 MP: 1/1
   295 | D:1      | Gained mutation: You have a pair of small antennae on your head. [demonic ancestry]
   295 | D:1      | Reached XP level 2. HP: 12/24 MP: 2/2
   829 | D:2      | Gained mutation: You are immune to rotting. [demonic ancestry]
   829 | D:2      | Reached XP level 3. HP: 17/29 MP: 3/3
  1064 | D:2      | Found a shimmering altar of Xom.
  1700 | D:2      | Reached XP level 4. HP: 36/36 MP: 4/4
  1997 | D:3      | HP: 2/55 [gnoll/spear (1)]
  2007 | D:3      | Slain by a gnoll

Skill      XL: |  1  2 |
---------------+-------+-----
Long Blades    | 2 |  2.6
Shields        | 3 |  3.4
Armour         | 3 |  3.3
Fighting       | |  3.8

Action                   |  1- 3 |  4- 6 || total
-------------------------+-------+-------++-------
Melee: Long sword        |   133 |    46 ||   179
  Use: Potion            |       |     4 ||     4
       Scroll            |       |     3 ||     3
  Eat: Chunk             |     3 |     1 ||     4
Armor: Scale mail        |    65 |    15 ||    80
       Skin              |       |    28 ||    28
Dodge: Dodged            |    38 |    13 ||    51
Block: Shield            |    90 |    39 ||   129
       Rpst.: Long sword |    16 |     3 ||    19
